 Dungeon Crawl Stone Soup version 0.31-a0-269-g3aca3be (webtiles) character file.

Game seed: 226007766236429256

11 Dawnplanks the Gusty (level 2, 15/15 HPs)
             Began as a Tengu Air Elementalist on July 14, 2023.
             Quit the game on level 1 of the Dungeon.
             The game lasted 00:00:18 (462 turns).

Dawnplanks the Gusty (Tengu Air Elementalist)        Turns: 462, Time: 00:00:18

Health: 15/15      AC:  2    Str:  8    XL:     2   Next: 25%
Magic:  5/6        EV: 12    Int: 15    God:
Gold:   25         SH:  0    Dex: 14    Spells: 4/5 levels left

rFire   . . .        (no weapon)
rCold   . . .        (no shield)
rNeg    . . .        a - +0 robe
rPois   .            (helmet restricted)
rElec   .            (no cloak)
rCorr   .            (no gloves)
SInv    .            (boots unavailable)
Will    .....        (no amulet)
Stlth   ++           (no ring)
HPRegen 0.22/turn    (no ring)
MPRegen 0.10/turn

%: no passive effects
@: no status effects
A: beak, talons 3
a: no special abilities


You were on level 1 of the Dungeon.
You visited 1 branch of the dungeon, and saw 1 of its levels.

You collected 25 gold pieces.

Inventory:

Armour
 a - a +0 robe (worn)
Scrolls
 c - a scroll of noise {unknown}
Potions
 b - a potion of magic


   Skills:
 + Level 2.4 Dodging
 - Level 2.0 Stealth
 + Level 2.2 Spellcasting
 + Level 1.4 Conjurations
 + Level 4.5 Air Magic


You had 4 spell levels left.
You knew the following spells:

 Your Spells              Type           Power      Damage    Failure   Level
a - Shock                 Conj/Air       40%        1d5       6%          1

Your spell library contained the following spells:

 Spells                   Type           Power      Damage    Failure   Level
 Static Discharge         Conj/Air       20%        2-3/arc   10%         2
 Swiftness                Air            15%        N/A       11%         3
 Airstrike                Air            7%         2d(2-18)  34%         4


Dungeon Overview and Level Annotations

Branches:
Dungeon (1/15)

Altars:


Innate Abilities, Weirdness & Mutations

You have a beak for a mouth.
You have claws for feet.


Message History

The ball python constricts you.
The ball python bites you but does no damage.
The ball python constricts you.
The zap misses the ball python.
The ball python bites you. The ball python constricts you.
The zap hits the ball python.
You kill the ball python!
You have reached level 2!
HP restored.
You see here a ball python corpse.
You see here 5 stones.
You see here a rat corpse.
Found an escape hatch in the floor.
Key pressed, stopping explore.
A hobgoblin comes into view.
The zap hits the hobgoblin.
The hobgoblin is almost dead.
The zap misses the hobgoblin.
The zap hits the hobgoblin.
You kill the hobgoblin!
You can't see any susceptible monsters within range! (Use Z to cast anyway.)
Found a stone staircase leading down.
Key pressed, stopping explore.
A goblin comes into view. It is wielding a +0 dagger.
A goblin is nearby!
The zap hits the goblin.
The goblin is moderately wounded.
The goblin shouts!
The zap hits the goblin.
You kill the goblin!
You can't see any susceptible monsters within range! (Use Z to cast anyway.)
You see here a +0 dagger.
An endoplasm comes into view.
An endoplasm is nearby!
The zap hits the endoplasm.
The endoplasm is almost dead.
The zap hits the endoplasm.
You kill the endoplasm!
You can't see any susceptible monsters within range! (Use Z to cast anyway.) Are you sure you want to abandon this character and quit the game? (Confirm with "yes".)

### # # .. # ##.
.# # #...###.#
######## #.......#
........
#@################
#.................
##################


There were no monsters in sight!

Vanquished Creatures
  2 ball pythons (D:1)
  2 endoplasms (D:1)
  A goblin (D:1)
  A hobgoblin (D:1)
  A kobold (D:1)
  A bat (D:1)
  A rat (D:1)
9 creatures vanquished.

Notes
Turn   | Place    | Note
-------+----------+-------------------------------------------
     0 | D:1      | Dawnplanks the Tengu Air Elementalist began the quest for
                  | the Orb.
     0 | D:1      | Reached XP level 1. HP: 10/10 MP: 4/4
   253 | D:1      | Reached XP level 2. HP: 10/15 MP: 1/6
   462 | D:1      | Quit the game

Illustrated notes

Levels and vault maps discovered:
D:1:      saegor_arrival_simple_e, layout_loops_ring

Action                     || total
---------------------------++-------
   Cast: Shock             ||    20
 Armour: Robe              ||     1
  Dodge: Dodged            ||     1

Table legend: (Time is in decaauts)
 A = Elapsed time spent in this place.
 B = Non-inter-level travel time spent in this place.
 C = Inter-level travel time spent in this place.
 D = Time resting spent in this place.
 E = Time spent auto-exploring this place.
 F = Levels seen in this place.
 G = Mean time per level.
                   A        B        C        D        E       F      G
               +--------+--------+--------+--------+--------+-----+--------+
         Total |    462 |    462 |      0 |      0 |    430 |   1 |  462.0 |
       Dungeon |    462 |    462 |      0 |      0 |    430 |   1 |  462.0 |
               +--------+--------+--------+--------+--------+-----+--------+

Top non-repeatable levels by time:
     D:1: 462 daAuts
